Map: 2000 Atmospheres LE

Players

Krystianer

  • Race: Protoss Protoss
  • League: Master

LiquidClem (Clem) - Winner!

  • Race: Terran Terran
  • League: Master

Event: DreamHack SC2 Masters Last Chance 2022

VOD

Have the link to the VOD?

Description

Time

  • Played on: Dec. 17, 2021, 12:13 p.m.
  • Length: 7:16

All games in this series

Show
View Real Time Build Order
Export as new Build Order

Krystianer Protoss 

Build Orders: 1 Gate Expand, Oracle Opening 

Get SALT Encoding   

  12  0:00  Probe  
  13  0:12  Probe  
  14  0:17  Pylon  
  14  0:24  Probe (Chrono Boost)  
  16  0:36  Gateway, Probe (Chrono Boost)  
  16  0:42  Probe (Chrono Boost)  
  16  0:45  Assimilator  
  17  0:51  Probe  
  18  1:03  Probe  
  19  1:15  Probe  
  20  1:22  Cybernetics Core  
  20  1:31  Probe  
  21  1:35  Nexus  
  21  1:41  Pylon  
  21  1:47  Assimilator  
  21  1:49  Probe  
  22  1:56  Adept (Chrono Boost)  
  24  2:01  Probe  
  25  2:14  Probe  
  26  2:15  Stargate  
  26  2:17  Adept (Chrono Boost)  
  28  2:28  Probe  
  28  2:39  Adept  
  28  2:41  Probe  
  31  2:48  Probe  
  32  2:53  Probe  
  32  2:56  Oracle (Chrono Boost)  
  33  3:00  Probe  
  33  3:05  Probe  
  38  3:12  Probe  
  39  3:17  Probe  
  40  3:24  Probe  
  41  3:29  Probe  
  42  3:36  Probe  
  43  3:41  Probe  
  43  3:44  Pylon  
  43  3:47  Nexus  
  43  3:48  Probe  
  45  3:55  Gateway  
  45  3:56  Gateway  
  45  3:57  Probe  
  45  4:02  Probe  
  47  4:04  Assimilator  
  47  4:10  Probe  
  47  4:12  Pylon  
  47  4:14  Probe  
  49  4:21  Pylon  
  49  4:22  Probe  
  49  4:24  Warp Gate (Chrono Boost)  
  50  4:29  Twilight Council  
  46  4:31  Stalker  
  46  4:32  Oracle (Chrono Boost)  
  46  4:34  Shield Battery  
  50  4:40  Shield Battery  
  50  4:42  Adept  
  50  4:44  Adept  
  54  4:46  Probe  
  54  4:50  Probe  
  56  4:59  Oracle (Chrono Boost), Probe  
  60  5:00  Probe  
  60  5:03  Probe  
  62  5:11  Probe  
  62  5:13  Probe  
  60  5:18  Probe  
  60  5:20  Blink (Chrono Boost)  
  57  5:23  Probe  
  57  5:26  Oracle (Chrono Boost)  
  57  5:27  Probe  
  62  5:30  Probe  
  55  5:35  Probe  
  55  5:39  Probe  
  55  5:42  Probe  
  56  5:48  Probe  
  54  5:51  Probe  
  54  5:52  Gateway x2  
  54  5:54  Probe  
  53  6:00  Probe  
  54  6:04  Stalker x2  
  54  6:06  Stalker, Probe  
  60  6:13  Gateway, Probe  
  60  6:14  Probe  
  60  6:15  Gateway  
  62  6:18  Probe, Shield Battery  
  62  6:25  Probe  
  64  6:29  Stalker x3  
  70  6:33  Pylon  
  70  6:34  Probe x2  
  70  6:39  Probe  
  73  6:46  Probe  
  68  6:48  Stalker x2  
  68  6:49  Probe  
  68  6:52  Stalker x2  
  71  6:58  Stalker  
  71  6:59  Probe  
  71  7:00  Probe  
  64  7:02  Probe  
  56  7:12  Zealot x4  
Show
View Real Time Build Order
Export as new Build Order

LiquidClem Terran - Winner!

Build Orders:  

Get SALT Encoding   

  12  0:00  SCV  
  13  0:12  SCV  
  14  0:17  Supply Depot  
  14  0:24  SCV  
  15  0:38  SCV  
  15  0:40  Barracks  
  16  0:44  Refinery  
  16  0:50  SCV  
  17  1:03  SCV  
  18  1:04  Engineering Bay  
  18  1:15  SCV  
  19  1:27  Orbital Command  
  19  1:29  Reaper  
  20  1:35  Supply Depot  
  20  1:53  SCV  
  21  2:02  Barracks Reactor  
  21  2:03  Bunker  
  21  2:07  SCV  
  22  2:15  Command Center  
  22  2:19  SCV  
  23  2:31  SCV  
  23  2:32  Barracks  
  24  2:38  Marine x2  
  24  2:43  SCV  
  27  2:46  Barracks  
  27  2:57  Refinery, Marine x2  
  29  2:59  SCV  
  30  3:11  SCV  
  31  3:24  Barracks Tech Lab  
  31  3:26  Marine x2  
  31  3:27  SCV  
  34  3:28  Orbital Command  
  33  3:35  Barracks Tech Lab, Engineering Bay  
  33  3:39  SCV  
  33  3:42  Stimpack, Marine  
  33  3:44  Marine x2  
  33  3:47  Orbital Command  
  36  3:52  Factory  
  36  3:53  SCV  
  37  3:57  Marine  
  37  4:01  Supply Depot, Marine  
  39  4:03  Missile Turret  
  39  4:05  Missile Turret  
  39  4:07  Marine  
  41  4:10  SCV  
  41  4:13  SCV  
  41  4:14  Marine  
  41  4:16  Marine  
  44  4:19  Combat Shield  
  44  4:22  SCV  
  45  4:25  SCV  
  45  4:26  Marine  
  45  4:30  Marine  
  48  4:34  Supply Depot  
  48  4:35  SCV  
  48  4:37  SCV, Marine  
  51  4:41  Terran Infantry Weapons Level 1  
  51  4:43  Marine  
  52  4:47  SCV  
  52  4:49  SCV  
  52  4:52  Starport  
  54  4:59  Marine x2  
  55  5:00  Supply Depot  
  55  5:01  Marine  
  55  5:03  SCV  
  55  5:04  SCV, Factory Reactor  
  56  5:10  Marine  
  55  5:15  SCV  
  55  5:16  Refinery  
  55  5:19  Supply Depot  
  55  5:20  Marine x2  
  58  5:22  SCV  
  58  5:25  Marine  
  58  5:26  Refinery  
  58  5:27  Marine  
  58  5:28  SCV  
  61  5:34  SCV  
  59  5:38  Marine x2  
  59  5:42  SCV  
  60  5:43  Marine  
  60  5:48  SCV  
  60  5:49  Medivac x2  
  66  5:50  Factory Reactor  
  66  5:51  Marine  
  66  5:54  SCV  
  66  5:56  Supply Depot, Marine x2  
  69  6:00  SCV  
  69  6:01  Concussive Shells, Marine  
  70  6:09  Marauder  
  72  6:13  Marine x2  
  72  6:16  Command Center  
  74  6:19  Marauder, Supply Depot, Medivac  
  74  6:21  Medivac  
  80  6:26  SCV x2  
  80  6:31  Supply Depot  
  80  6:32  Widow Mine  
  85  6:33  Widow Mine  
  85  6:35  Marine  
  85  6:36  Marine  
  85  6:41  Marauder  
  85  6:42  Marauder, SCV  
  86  6:53  Marine  
  86  6:54  Marine  
  89  6:55  SCV  
  90  7:05  Barracks  
  94  7:15  Supply Depot  

Tags
 
Add a new tag
Caveats
  • Supply blocks, unpowered buildings, or Contaminate may cause inaccurate times.
  • Supply counts are checked every 10 seconds.